 Dungeon Crawl Stone Soup version 0.19-a0-627-g7ac35de (webtiles) character file.

229 Ordine the Magician (level 5, -1/42 HPs)
             Began as a Deep Elf Wizard on June 13, 2016.
             Slain by a gnoll
             ... wielding a +0 halberd
              (6 damage)
             ... on level 3 of the Dungeon.
             The game lasted 00:10:41 (3316 turns).

Ordine the Magician (Deep Elf Wizard)               Turns: 3316, Time: 00:10:42

Health: -1/42      AC: 22    Str:  4    XL:     5   Next: 71%
Magic:  10/16      EV:  2    Int: 24    God:
Gold:   162        SH:  0    Dex: 13    Spells: 6 memorised, 3 levels left

rFire  . . .     SeeInvis .     h - +1 spear
rCold  . . .     Gourm    .     (armour currently unavailable)
rNeg   + + +     Faith    .     (no shield)
rPois  +         Spirit   .     (helmet currently unavailable)
rElec  .         Dismiss  .     (cloak currently unavailable)
rCorr  .         Reflect  .     (gloves currently unavailable)
SustAt .         Harm     .     (boots currently unavailable)
MR     .....     NoTele   +     (no amulet)
Stlth  +++.......               (no ring)
                                m - ring of poison resistance

@: tree-form, very slightly contaminated, not resistant to hostile enchantments,
fairly stealthy
A: no striking features
a: no special abilities


You were on level 3 of the Dungeon.
You were not hungry.
You were a tree.
You visited 1 branch of the dungeon, and saw 4 of its levels.

You collected 162 gold pieces.

Inventory:

Hand Weapons
 h - a +1 spear (weapon)
Armour
 a - a +0 robe (melded)
 b - a +0 hat (melded)
 f - a +0 cloak (melded)
Jewellery
 m - a ring of poison resistance (left branch)
Scrolls
 l - a scroll of recharging
 o - 2 scrolls of amnesia
 q - a scroll of blinking
 r - 2 scrolls of remove curse
 t - a scroll of enchant weapon
Potions
 e - a potion of brilliance
 g - a potion of lignification
 i - a potion of mutation
 k - a potion of might {unknown}
 p - a potion of heal wounds {unknown}
Books
 c - a book of Minor Magic

   Spells                             Type                      Level
   a - Magic Dart                     Conjuration                  1
   b - Blink                          Translocation                2
   c - Call Imp                       Summoning                    2
   d - Repel Missiles                 Charms/Air                   2
   e - Slow                           Hexes                        2
   f - Conjure Flame                  Conjuration/Fire             3
   g - Mephitic Cloud                 Conjuration/Poison/Air       3
 u - a book of Flames

   Spells                             Type                      Level
   a - Flame Tongue                   Conjuration/Fire             1
   b - Throw Flame                    Conjuration/Fire             2
   c - Conjure Flame                  Conjuration/Fire             3
   d - Inner Flame                    Hexes/Fire                   3
   e - Sticky Flame                   Conjuration/Fire             4
   f - Fireball                       Conjuration/Fire             5
Comestibles
 d - 3 bread rations
 j - 2 meat rations
 n - 4 fruits
 s - 2 chunks of flesh


   Skills:
 - Level 2.4 Dodging
 - Level 2.4 Stealth
 * Level 7.2 Spellcasting
 + Level 3.2 Conjurations
   Level 1.1 Summonings
 + Level 2.6 Translocations


You had 3 spell levels left.
You knew the following spells:

 Your Spells              Type           Power        Failure   Level  Hunger
a - Magic Dart            Conj           ###.         1%          1    None
b - Blink                 Tloc           N/A          4%          2    None
c - Conjure Flame         Conj/Fire      ###.....     14%         3    None
d - Mephitic Cloud        Conj/Pois/Air  ##......     17%         3    None
e - Sticky Flame          Conj/Fire      ###.....     41%         4    ###....
i - Repel Missiles        Chrm/Air       #.....       12%         2    None


Dungeon Overview and Level Annotations

Branches:
Dungeon (4/15)
 Temple: D:4-7

Altars:
Gozag
Trog
The Shining One


Message History

Press: ? - help, Shift-Dir - straight line, f/p - orc
Aim: an orc (heavily wounded)
The magic dart hits the orc.
You kill the orc!
The gnoll hits you but does no damage.
Casting: Magic Dart
Confirm with . or Enter, or press ? or * to list all spells.
Aiming: Magic Dart
Press: ? - help, Shift-Dir - straight line, f - gnoll
Aim: a gnoll, wielding a halberd The magic dart hits the gnoll.
The gnoll hits you but does no damage.
Casting: Magic Dart
Confirm with . or Enter, or press ? or * to list all spells.
Aiming: Magic Dart
Press: ? - help, Shift-Dir - straight line, f/p - gnoll
Aim: a gnoll, wielding a halberd The magic dart hits the gnoll.
The gnoll is lightly wounded.
The gnoll hits you from afar with a halberd.
You die...

.#.#.###.##....#.# #...#.#
.#.#...#..###....###
###...#
.#......#.#........#
#...##
........#.#....(...#
##..##
.#......#.#........###..##
........#.#####........##
.#............#...##..[#
.#...†.###.##........>##
.#.....###......♣†g...#
.########........###..##
## #...####.###...########
# #...#.................##
#####
#......................##
....#
#####...................#
....#
#...................#
....#
######..............#
....# #..............#


You could see a gnoll.

Vanquished Creatures
  An orc priest (D:3)
  4 adders
  2 gnolls (D:4)
  An ooze (D:2)
  5 worms
  7 dart slugs
  6 giant geckos
  14 orcs (D:3)
  5 bats
  A giant cockroach (D:1)
  12 goblins
  8 hobgoblins
  6 jackals
  4 kobolds
  2 quokkas
  2 ball pythons
  3 giant newts
  10 rats
93 creatures vanquished.

Notes
Turn   | Place    | Note
--------------------------------------------------------------
     0 | D:1      | Ordine the Deep Elf Wizard began the quest for the Orb.
     0 | D:1      | Reached XP level 1. HP: 10/10 MP: 7/7
   244 | D:1      | Reached XP level 2. HP: 4/15 MP: 2/9
   306 | D:1      | Learned a level 2 spell: Blink
   537 | D:1      | Reached skill level 5 in Spellcasting
   808 | D:1      | Reached XP level 3. HP: 14/19 MP: 0/11
   813 | D:1      | Learned a level 3 spell: Conjure Flame
   817 | D:1      | Learned a level 3 spell: Mephitic Cloud
   820 | D:1      | Learned a level 2 spell: Repel Missiles
  1384 | D:2      | Reached skill level 6 in Spellcasting
  1384 | D:2      | Reached XP level 4. HP: 21/24 MP: 8/14
  1633 | D:2      | Found a glowing golden altar of the Shining One.
  1892 | D:2      | Found an opulent altar of Gozag.
  1914 | D:2      | Found a faded altar of an unknown god.
  2571 | D:3      | Reached XP level 5. HP: 28/28 MP: 14/16
  2950 | D:3      | Found a bloodstained altar of Trog.
  2958 | D:3      | Reached skill level 7 in Spellcasting
  3090 | D:4      | Learned a level 4 spell: Sticky Flame
  3316 | D:3      | Slain by a gnoll

Vault maps used:
D:1:      dpeg_arrival_line_fractal, minmay_crystal_room
D:2:      old_standard_altar, ecumenical_altar_1, grunt_gozag_statues
D:3:      lemuel_round_altar, minmay_vboxes
D:4:      lightli_temple_of_fire, johnstein_pakellas_shop, uniq_pikel,
          uniq_duvessa

Skill      XL: |  1  2  3  4  5 |
---------------+----------------+-----
Spellcasting   | 5 6 7 |  7.2
Conjurations   | 2 3 |  3.2
Translocations | 2 |  2.6
Dodging        | |  2.4
Stealth        | |  2.4
Summonings     | |  1.1

Action                   |  1- 3 |  4- 6 || total
-------------------------+-------+-------++-------
Melee: Spear             |     9 |    29 ||    38
 Cast: Magic Dart        |    85 |   155 ||   240
       Conjure Flame     |     1 |     2 ||     3
       Repel Missiles    |     1 |       ||     1
       Blink             |       |     1 ||     1
  Use: Scroll            |     9 |     4 ||    13
       Potion            |       |     1 ||     1
  Eat: Chunk             |     1 |     6 ||     7
Armor: Robe              |       |    13 ||    13
       Skin              |       |     6 ||     6
Dodge: Dodged            |    16 |    42 ||    58
       Deflected         |       |     1 ||     1
